cohdb
Replays
Latest Replays
All Replays
Popular Replays
Top Player Replays
Match Explorer
How It Works
Community
CoH3 Stats
Reddit
Sign in to upload your games and track your stats! →
Sign in with Steam
Match 40798727
Unlisted
Match 40798727
Overview
Messages
Build Orders
End
Panzergrenadier Squad
250 Light Carrier
Panzergrenadier Squad
250 Light Carrier
Construct Light Support Kompanie
Panzerjäger Squad
Fire Support Elements
Selects Panzerjäger Kommand Battlegroup
Selects GrB 39 Grenade Launcher Requisition
Selects Mine Fields
Flakvierling Half-track
2.5-tonne Medical Truck
Panzerjäger Squad
Combat Half-tracks
Construct Panzerarmee Kommand
Selects Crew Shock Tactics
le.IG 18 Mechanized Group
Selects Defensive Positions
2.5-tonne Medical Truck
Panzer III L Medium Tank
Selects Butterfly Bomb Drop
Butterfly Bomb Drop
Walking Stuka Rocket Launcher
Butterfly Bomb Drop
Butterfly Bomb Drop
Masang
KuruKuru
Oier
HiddenJoker
カルト_くん
《第二十一条军规》
Joker
jhc0928d
0
0
Comments
sign in to comment!
No comments posted yet!